 Dungeon Crawl Stone Soup version 0.16.0-17-g811c1d7 (console) character file.

149887 Fusha the Brawler (level 16, -18/174 HPs)
             Began as a Troll Monk on Mar 20, 2015.
             Was the Champion of Trog.
             Demolished by a merfolk impaler
             ... wielding a +0 trident
              (23 damage)
             ... on level 1 of the Shoals.
             The game lasted 02:13:09 (28132 turns).

Fusha the Brawler (Troll Monk)                     Turns: 28132, Time: 02:13:10

Health: -18/174    AC: 12    Str: 30    XL:     16   Next: 97%
Magic:  0/10       EV: 19    Int:  6    God:    Trog [******]
Gold:   956        SH:  0    Dex: 15    Spells: 0 memorised, 15 levels left

rFire  + . .     SeeInvis +       - Unarmed
rCold  . . .     Clarity  .     B - +2 robe {rF+}
rNeg   . . .     SustAb   .     (shield restricted)
rPois  .         Gourm    +     N - +2 hat {SInv}
rElec  .         Spirit   +     t - +2 cloak
rCorr  .         Warding  .     (gloves unavailable)
rMut   .         Stasis   .     (boots unavailable)
MR     +....                    K - amulet of guardian spirit
Stlth  +++.......               O - ring "Vygyryke" {+Inv Str+2 Stlth+}
                                X - +3 ring of dexterity

@: studying Fighting, somewhat resistant to hostile enchantments, fairly
stealthy
A: unfitting armour, claws 3, fast metabolism 3, gourmand, mutation resistance
1, regeneration 2, shaggy fur 1, tough skin 2
a: Burn Spellbooks, Berserk, Trog's Hand, Brothers in Arms, Renounce Religion,
Evoke Invisibility


You were on level 1 of the Shoals.
You worshipped Trog.
Trog was exalted by your worship.
You were full.

You visited 5 branches of the dungeon, and saw 29 of its levels.
You also visited: Labyrinth, Bailey and Ice Cave.

You collected 2921 gold pieces.
You spent 1965 gold pieces at shops.

Inventory:

Missiles
 v - 3 throwing nets
 U - 6 large rocks (quivered)
Armour
 t - a +2 cloak (worn)
 B - a +2 robe of fire resistance (worn)
 N - a +2 hat of see invisible (worn)
Jewellery
 K - an amulet of guardian spirit (around neck)
 O - the ring "Vygyryke" (right claw) {+Inv Str+2 Stlth+}
   (You found it in a labyrinth)

   [ring of invisibility]

   It affects your strength (+2).
   It lets you turn invisible.
   It makes you more stealthy.
 S - an uncursed ring of protection from cold
 T - an uncursed ring of protection from fire
 X - a +3 ring of dexterity (left claw)
Magical devices
 a - a wand of disintegration (16)
 h - a wand of teleportation (3)
 m - a wand of confusion (15)
 x - a wand of cold (2)
 y - a wand of polymorph (12)
 E - a wand of enslavement (17)
 F - a wand of fireball (3)
 I - a wand of fireball (6)
 M - a wand of draining (7)
 Q - a wand of disintegration (0)
 R - a wand of slowing (16)
 V - a wand of digging (9)
Scrolls
 g - 2 scrolls of magic mapping
 i - 3 scrolls of fog
 o - 8 scrolls of remove curse
 p - 3 scrolls of fear
 q - 4 scrolls of recharging
 s - 5 scrolls of teleportation
 w - a scroll of blinking
 z - 2 scrolls of summoning
 C - a scroll of holy word {unknown}
Potions
 d - 12 potions of curing
 e - a potion of lignification
 k - 4 potions of restore abilities
 l - 2 potions of might
 r - 4 potions of cancellation
 u - 2 potions of flight
 A - a potion of berserk rage
 D - 2 potions of agility
 G - 5 potions of heal wounds
 J - 3 potions of invisibility
 L - 2 potions of ambrosia
 P - 3 potions of haste
Books
 c - a manual of Fighting
Miscellaneous
 f - a plain deck of summoning {the Illusion}
 j - a box of beasts
 n - a plain deck of wonders {the Helix}
 W - a plain deck of escape {Warpwright}
 Y - a phial of floods
 Z - a stone of tremors
Comestibles
 b - 15 meat rations


   Skills:
 * Level 14.3 Fighting
 + Level 15.3 Dodging
 - Level 1.1 Stealth
 + Level 16.9 Unarmed Combat
 + Level 1.6 Evocations


You had 15 spell levels left.
You didn't know any spells.

Dungeon Overview and Level Annotations

Branches:
Dungeon (15/15)            Temple (1/1) D:6            Lair (8/8) D:11
 Shoals (1/5) Lair:3       Spider (0/5) Lair:4        Slime (0/6) Lair:8
    Orc (4/4) D:11            Elf (0/3) Orc:3        Vaults (0/5) D:13
 Depths (0/5) D:15

Altars:
Ashenzari
Cheibriados
Dithmenos
Elyvilon
Fedhas
Gozag
Makhleb
Nemelex Xobeh
Okawaru
Ru
Sif Muna
Trog
Xom
Yredelemnul
Zin
The Shining One
Beogh
Jiyva

Shops:
D:7 %   D:11 *   D:14 %   Orc:4 *(:[


Innate Abilities, Weirdness & Mutations

You are too large for most types of armour.
You have claws for hands.
Your metabolism is lightning-fast.
You like to eat raw meat.
You heal very quickly.
You are covered in fur (AC +1).
You have very tough skin (AC +2).
You are somewhat resistant to further mutation.


Message History

Moving in this stuff is going to be slow.
The merfolk impaler hits you with a trident!
* * * LOW HITPOINT WARNING * * *
The merfolk misses you. The merfolk barely misses you.
The merfolk impaler hits you with a trident!!
* * * LOW HITPOINT WARNING * * *
The merfolk impaler hits you with a trident!!
* * * LOW HITPOINT WARNING * * *
The merfolk hits you with a trident!
* * * LOW HITPOINT WARNING * * *
The merfolk barely misses you.
You see here a spear.
Drink which item? (? for menu, Esc to quit)
You feel much better.
The merfolk impaler hits you with a trident!
* * * LOW HITPOINT WARNING * * *
The merfolk closely misses you. The merfolk hits you with a trident!
* * * LOW HITPOINT WARNING * * *
The merfolk impaler hits you with a trident!!
You die...

.≈≈..##........≈≈≈≈.....
≈..[ ##(≈≈...≈≈≈≈≈≈≈.).
≈≈≈..###(≈≈≈≈≈≈≈≈≈≈≈ ...
.......((.≈≈≈≈≈≈≈≈≈ ..
.....≈≈..≈.≈≈≈≈≈≈≈ .
≈.>....≈..≈≈≈≈≈≈≈
.##..?..(.≈≈≈≈≈≈≈
#...m...}≈≈≈≈≈≈
#..≈≈@))..≈≈≈≈≈
#...≈≈mm..≈≈≈≈≈
#.≈≈≈...≈.≈.≈≈≈
...≈≈≈≈.....≈...
≈≈≈.≈≈≈......≈.
≈≈..≈...##... ......##
.. .≈≈... ≈..


You could see a merfolk impaler and 2 merfolk.

Vanquished Creatures
  An orc warlord (Orc:4)
  Gastronok (D:10)
  A vault guard (D:13)
  A minotaur (Lab)
  Josephine (D:15)
  Harold (D:15)
  6 hydras
  An ogre mage (D:13)
  Erica (D:11)
  6 centaur warriors
  The ghost of vatarom the Eye of the Storm, a powerful FoFi of Qazlal (D:8)
  A merfolk aquamancer (Shoals:1)
  A deep troll shaman (Lair:8)
  29 death yaks
  4 catoblepae
  An orc high priest (Orc:4)
  Nergalle (D:11)
  An unseen horror (D:15)
  3 ice devils (IceCv)
  A lindwurm (Lair:4)
  Erolcha (Orc:1)
  3 ice statues (IceCv)
  A necromancer (IceCv)
  6 hill giants
  4 manticores
  An orb spider (shapeshifter) (D:15)
  6 orc knights
  7 orc sorcerers
  2 cyclopes
  4 griffons
  6 ugly things
  7 slime creatures (D:15)
  An oklob plant (Lair:6)
  3 fauns (Shoals:1)
  A siren (Shoals:1)
  A gargoyle (D:11)
  A centaur zombie (D:15)
  An octopode (shapeshifter) (D:15)
  10 elephants
  8 black mambas
  8 spiny frogs
  Psyche (D:11)
  A troll (shapeshifter) (D:15)
  4 komodo dragons
  A yaktaur (D:15)
  3 fire drakes
  3 merfolk
  4 blue devils (IceCv)
  4 polar bears
  A snapping turtle (Shoals:1)
  A boulder beetle (Lair:8)
  18 blink frogs
  8 trolls
  3 two-headed ogres (D:13)
  4 water elementals (Shoals:1)
  5 basilisks
  4 deep elf magi
  A vampire (D:14)
  4 wraiths (D:15)
  A shadow (D:13)
  51 yaks
  13 hippogriffs
  A hungry ghost (D:7)
  11 wolves (Lair:8)
  A mottled dragon (shapeshifter) (D:15)
  15 water moccasins
  A mottled dragon (D:15)
  4 wargs
  5 porcupines
  4 phantoms
  4 ice beasts
  5 sky beasts
  3 black bears
  A necrophage (D:7)
  39 orc warriors
  2 eyes of draining
  4 boggarts (D:15)
  3 boring beetles
  A big kobold (D:9)
  7 centaurs
  17 ogres
  Sigmund (D:3)
  14 crocodiles
  Blork the orc (D:5)
  22 giant frogs
  5 scorpions
  2 wyvern skeletons
  4 wights (D:7)
  13 killer bees
  A goliath beetle (D:6)
  2 troll skeletons (Lab)
  8 crimson imps
  An electric eel (Lair:2)
  13 jellies
  3 giant frog zombies
  A quasit (D:6)
  13 hounds
  A gnoll shaman (D:7)
  Crazy Yiuf (D:3)
  5 centaur skeletons
  26 orc priests
  2 giant frog skeletons
  12 iguanas
  32 orc wizards
  4 troll simulacra (IceCv)
  A spriggan simulacrum (IceCv)
  28 sheep
  9 worker ants
  A killer bee zombie (D:8)
  A centaur simulacrum (IceCv)
  An ogre skeleton (Lab)
  A worker ant zombie (D:9)
  21 adders
  8 gnolls (D:7)
  52 river rats
  An ogre simulacrum (IceCv)
  2 orc zombies (Orc:4)
  3 naga simulacra (IceCv)
  2 shadow imps
  12 white imps (Orc:3)
  3 worms (D:2)
  An adder skeleton (D:4)
  9 giant geckos
  198 orcs
  A ball python (D:2)
  11 bats
  2 bat zombies
  5 giant cockroaches
  23 goblins
  17 hobgoblins
  3 jackals (D:2)
  21 kobolds
  11 quokkas
  3 giant newts
  2 giant spores (D:15)
  14 rats
  3 ballistomycetes (D:15)
  3 fungi
  4 plants
1072 creatures vanquished.

Vanquished Creatures (collateral kills)
  3 orc knights (Bailey)
  3 orc warriors (Bailey)
  3 orcs (Bailey)
9 creatures vanquished.

Vanquished Creatures (others)
  A hill giant (Bailey)
  An orc warrior (Orc:4)
  3 orcs
  A bush (D:15)
  9 fungi
  2 plants (Lair:8)
17 creatures vanquished.

Grand Total: 1098 creatures vanquished

Notes
Turn   | Place    | Note
--------------------------------------------------------------
     0 | D:1      | Fusha, the Troll Monk, began the quest for the Orb.
     0 | D:1      | Reached XP level 1. HP: 22/22 MP: 1/1
   229 | D:1      | Reached XP level 2. HP: 29/29 MP: 1/1
   672 | D:2      | Reached XP level 3. HP: 36/36 MP: 2/2
   792 | D:2      | Found a burning altar of Makhleb.
   995 | D:2      | Found a glowing golden altar of the Shining One.
  1319 | D:3      | Reached XP level 4. HP: 41/44 MP: 2/2
  1322 | D:3      | Reached skill level 5 in Unarmed Combat
  1381 | D:3      | Noticed Crazy Yiuf
  1385 | D:3      | Killed Crazy Yiuf
  1553 | D:3      | Reached XP level 5. HP: 53/53 MP: 2/2
  1637 | D:3      | Noticed Sigmund
  1652 | D:3      | Killed Sigmund
  2075 | D:4      | Reached XP level 6. HP: 56/61 MP: 3/3
  2088 | D:4      | Noticed an ogre
  2090 | D:4      | Killed an ogre
  2103 | D:4      | Reached skill level 6 in Unarmed Combat
  2250 | D:4      | Reached XP level 7. HP: 58/70 MP: 3/3
  2443 | D:4      | Found a sacrificial altar of Ru.
  2554 | D:5      | Entered Level 5 of the Dungeon
  2722 | D:4      | Reached skill level 5 in Dodging
  2722 | D:4      | Reached skill level 7 in Unarmed Combat
  2757 | D:5      | Reached XP level 8. HP: 76/79 MP: 3/3
  2802 | D:5      | Noticed Blork the orc
  2809 | D:5      | Killed Blork the orc
  2845 | D:5      | Found an opulent altar of Gozag.
  3070 | D:5      | Reached skill level 5 in Fighting
  3154 | D:5      | Found a white marble altar of Elyvilon.
  3330 | D:6      | Found an iron altar of Okawaru.
  3589 | D:6      | Reached skill level 8 in Unarmed Combat
  3955 | D:6      | Reached XP level 9. HP: 79/88 MP: 4/4
  3985 | D:6      | Found a staircase to the Ecumenical Temple.
  4001 | Temple   | Entered the Ecumenical Temple
  4046 | Temple   | Became a worshipper of Trog the Wrathful
  4046 | Temple   | Acquired Trog's first power
  4046 | Temple   | Acquired Trog's second power
  4548 | D:7      | Found Shatsyig's Food Shop.
  4626 | D:7      | Found a shattered altar of Ashenzari.
  4670 | D:7      | Reached skill level 9 in Unarmed Combat
  5153 | D:8      | Found a basalt altar of Yredelemnul.
  5391 | D:8      | Noticed vatarom's ghost (powerful FoFi)
  5518 | D:8      | Killed vatarom's ghost
  5518 | D:8      | Reached XP level 10. HP: 88/100 MP: 4/4
  6256 | D:9      | Acquired Trog's third power
  6308 | D:9      | Reached skill level 10 in Unarmed Combat
  7022 | D:10     | Entered Level 10 of the Dungeon
  7284 | D:10     | Noticed Gastronok
  7292 | D:10     | Killed Gastronok
  7292 | D:10     | Reached XP level 11. HP: 111/111 MP: 4/4
  7782 | D:10     | Reached skill level 11 in Unarmed Combat
  7954 | D:11     | Noticed Nergalle
  7961 | D:11     | Noticed a spectral orc warlord
  7967 | D:11     | Noticed a spectral orc warlord
  7968 | D:11     | Killed Nergalle
  8001 | D:11     | Noticed Psyche
  8007 | D:11     | Killed Psyche
  8022 | D:11     | Found a staircase to the Lair.
  8102 | D:11     | Found a staircase to the Orcish Mines.
  8129 | D:11     | Found Ogen's Assorted Antiques.
  8159 | D:11     | Bought a scroll labeled CIONA SKI MAQ for 33 gold pieces
  8159 | D:11     | Bought a sedimented black potion for 29 gold pieces
  8176 | D:11     | Reached skill level 10 in Dodging
  8223 | D:11     | Noticed Erica
  8228 | D:11     | Killed Erica
  8645 | Lair:1   | Entered Level 1 of the Lair of Beasts
  8697 | Lair:1   | Received a gift from Trog
  8864 | Lair:1   | Reached skill level 12 in Unarmed Combat
  9360 | Lair:1   | Reached XP level 12. HP: 108/123 MP: 6/6
 10556 | Lair:3   | Received a gift from Trog
 10826 | Lair:3   | Noticed an eight-headed hydra
 10834 | Lair:3   | Killed a nine-headed hydra
 11231 | Lair:3   | Found a staircase to the Shoals.
 11241 | Lair:3   | Reached skill level 1 in Evocations
 12021 | Lair:4   | Noticed an eight-headed hydra
 12030 | Lair:4   | Killed a nine-headed hydra
 12056 | Lair:4   | Reached skill level 13 in Unarmed Combat
 12124 | Lair:4   | Received a gift from Trog
 12144 | Lair:4   | Reached skill level 10 in Fighting
 12430 | Lair:4   | Reached XP level 13. HP: 128/133 MP: 7/7
 12556 | Lair:4   | Found a hole to the Spider Nest.
 13954 | Lair:6   | Received a gift from Trog
 14862 | Lair:6   | Reached skill level 14 in Unarmed Combat
 15246 | Lair:7   | Received a gift from Trog
 15310 | Lair:7   | Reached XP level 14. HP: 146/146 MP: 8/8
 16131 | Lair:8   | Entered Level 8 of the Lair of Beasts
 16428 | Lair:8   | Received a gift from Trog
 17274 | Lair:8   | Found a viscous altar of Jiyva.
 17274 | Lair:8   | Found a staircase to the Slime Pits.
 17290 | Lair:8   | Reached skill level 15 in Unarmed Combat
 18210 | Orc:1    | Entered Level 1 of the Orcish Mines
 18210 | Orc:1    | Noticed Erolcha
 18221 | Orc:1    | Killed Erolcha
 18341 | Orc:1    | Received a gift from Trog
 18583 | Orc:2    | Found a roughly hewn altar of Beogh.
 18639 | Orc:2    | Received a gift from Trog
 19172 | Orc:3    | Found a roughly hewn altar of Beogh.
 19193 | Orc:3    | Found a flagged portal.
 19203 | Bailey   | Entered a bailey
 19487 | Bailey   | Received a gift from Trog
 19682 | Bailey   | Reached XP level 15. HP: 129/156 MP: 7/10
 19697 | Bailey   | Reached skill level 16 in Unarmed Combat
 19697 | Bailey   | Reached XP level 16. HP: 139/165 MP: 8/10
 19702 | Bailey   | Identified a scroll of acquirement
 19703 | Bailey   | Got a heavily runed large shield
 19709 | Bailey   | Identified the +2 large shield of the Game Afoot {rElec MR- rCorr Str+3} (You acquired it in a bailey)
 19762 | Orc:3    | Found a staircase to the Elven Halls.
 19768 | Orc:3    | Found a frozen archway.
 19808 | IceCv    | Entered an ice cave
 20537 | Orc:3    | Received a gift from Trog
 21129 | Orc:4    | Entered Level 4 of the Orcish Mines
 21153 | Orc:4    | Found Klaugaux's Antique Armour Shop.
 21526 | Orc:4    | Found Saj Ita's Book Shop.
 21630 | Orc:4    | Bought a manual of Fighting for 1435 gold pieces
 21697 | Orc:4    | Found Otong's Antique Weapon Boutique.
 21903 | Orc:4    | Found a burning altar of Makhleb.
 21922 | Orc:4    | Received a gift from Trog
 22011 | Orc:4    | Found Fruapt's General Store.
 22018 | Orc:4    | Bought a potion of beneficial mutation for 420 gold pieces
 22018 | Orc:4    | Bought a potion of might for 48 gold pieces
 22018 | Orc:4    | Gained mutation: You are somewhat resistant to further mutation. [potion of beneficial mutation]
 22412 | D:12     | Found a labyrinth entrance.
 22417 | Lab      | Entered a labyrinth
 24217 | Lab      | Got a faintly glowing silver ring
 24217 | Lab      | Got a glittering ivory ring
 24228 | Lab      | Identified the ring "Vygyryke" {+Inv Str+2 Stlth+} (You found it in a labyrinth)
 24230 | Lab      | Identified the ring "Jiorphih" {rPois AC+1 Str-2 Int-2 SInv Stlth+} (You found it in a labyrinth)
 24235 | Lab      | Got a brightly glowing robe
 24246 | Lab      | Identified the +0 robe "Oteur" {rN+} (You found it in a labyrinth)
 24410 | D:12     | Found a shadowy altar of Dithmenos.
 25474 | D:13     | Received a gift from Trog
 25484 | D:13     | Found a gate to the Vaults.
 25583 | D:14     | Reached skill level 15 in Dodging
 25841 | D:14     | Found Shiaph's Food Boutique.
 26178 | D:15     | Entered Level 15 of the Dungeon
 26208 | D:15     | Found a white marble altar of Elyvilon.
 26286 | D:15     | Noticed Josephine
 26302 | D:15     | Killed Josephine
 26522 | D:15     | Noticed Harold
 26528 | D:15     | Killed Harold
 26965 | D:15     | Received a gift from Trog
 27463 | D:15     | Found a staircase to the Depths.
 27928 | Shoals:1 | Entered Level 1 of the Shoals
 28131 | Shoals:1 | HP: 3/174 [merfolk/trident (7)]
 28132 | Shoals:1 | Demolished by a merfolk impaler

Action                   |  1- 3 |  4- 6 |  7- 9 | 10-12 | 13-15 | 16-18 || total
-------------------------+-------+-------+-------+-------+-------+-------++-------
Melee: Unarmed           |   115 |    87 |   266 |   593 |   698 |   627 ||  2386
Throw: Large rock        |       |       |       |       |       |     2 ||     2
Invok: Burn Spellbooks   |       |       |       |     1 |       |     1 ||     2
       Berserk           |       |       |       |       |     2 |       ||     2
       Brothers in Arms  |       |       |       |       |     2 |       ||     2
       Trog's Hand       |       |       |       |       |       |     1 ||     1
Evoke: Wand              |       |       |     1 |    11 |     2 |       ||    14
  Use: Scroll            |       |       |       |    24 |     9 |    14 ||    47
       Potion            |       |       |       |     2 |     7 |     3 ||    12
 Stab: Sleeping          |     1 |     2 |     3 |     4 |     5 |     9 ||    24
       Distracted        |       |       |       |     1 |       |     2 ||     3
       Paralysed         |       |       |       |     2 |       |       ||     2
       Petrifying        |       |       |       |       |     1 |       ||     1
       Petrified         |       |       |       |       |     1 |       ||     1
  Eat: Chunk             |    16 |     9 |    29 |    62 |    72 |    61 ||   249
       Meat ration       |       |       |       |       |       |     3 ||     3
